AoeStats
← | CZK | JasuStrychar27

Arabia

504692326Analyzed
1v1 RM · 28d ago on Sep 6, 2026· 47m 17s· 2 players
Game mode
Random Map
Map size
Tiny (2 player)
Population
200
Speed
Normal
Resources
Standard
Victory
Conquest
Starting age
Dark Age
Ending age
Imperial Age
RankedLock teamsTeams togetherTeam positionsShared explorationLock speedFull tech treeHidden civsTurbo modeCheats
Victory
Defeat
🇧🇪 Lithuanians · Belgium
984
+17
🇦🇷 Armenians · Argentina
1013
-17
Heisenberg
7:02 Loom
10:08 Feudal Age
10:32 Man-at-Arms
12:12 Double-Bit Axe
12:08 Horse Collar
13:42 Arson
14:43 Gold Mining
24:52 Castle Age
23:39 Bloodlines
24:38 Fletching
26:10 Scale Barding Armor
26:15 Forging
29:15 Bow Saw
30:56 Iron Casting
31:01 Heavy Plow
32:32 Wheelbarrow
33:13 Chain Barding Armor
34:33 Stone Mining
36:16 Elite Skirmisher
38:42 Bodkin Arrow
38:48 Padded Archer Armor
39:35 Town Watch
41:25 Hand Cart
42:29 Scale Mail Armor
44:12 Stone Shaft Mining
43:55 Leather Archer Armor
44:02 Ballistics
44:23 Husbandry
46:05 Town Patrol
50:23 Imperial Age
| CZK | JasuStrychar27
7:02 Loom
9:35 Feudal Age
9:40 Man-at-Arms
13:55 Long Swordsman
14:51 Long Swordsman
16:59 Double-Bit Axe
22:45 Horse Collar
25:17 Wheelbarrow
24:28 Town Watch
25:52 Fletching
26:03 Scale Mail Armor
30:40 Pikeman
31:06 Arson
33:32 Forging
36:55 Castle Age
35:23 Gold Mining
37:10 Two-Handed Swordsman
37:36 Gambesons
38:23 Squires
38:40 Chain Mail Armor
Connection lost

Rejoining the realm…

Still unreachable

The connection could not be restored.

Session expired

The server has moved on; the page needs a fresh start.